 Seeded DCSS version 0.27-a0-887-gcab673c142 (webtiles) character file.

Game seed: 20210404 (custom seed)

322 muata the Magician (level 6, -22/42 HPs)
             Began as a Djinni Transmuter on Apr 4, 2021.
             Annihilated by Crazy Yiuf
             ... wielding a +4 quarterstaff of chaos
              (25 damage)
             ... on level 2 of the Dungeon.
             The game lasted 00:11:44 (4214 turns).

muata the Magician (Djinni Transmuter)              Turns: 4214, Time: 00:11:46

Health: -22/42     AC:  3    Str:  9    XL:     6   Next: 47%
Gold:   80         EV: 12    Int: 17    God:
                   SH:  0    Dex: 13

rFire    + + .     SeeInvis .   d - +2 dagger (holy)
rCold    . . .     Faith    .   (no shield)
rNeg     . . .     Spirit   .   m - +1 robe {rC+}
rPois    ∞         Reflect  .   (helmet currently unavailable)
rElec    .         Harm     .   (no cloak)
rCorr    .         Rampage  .   (no gloves)
Will     .....                  (boots unavailable)
Stlth    +.........             (no amulet)
HPRegen  0.14/turn              (no ring)
MPRegen  0.00/turn              (no ring)

@: appendages, wereblooded, flying
A: horns 2, flying, fire resistance 2, cold vulnerability 1, float, innate
caster, hp casting, extra vitality 1
a: End Transformation


You were on level 2 of the Dungeon.
You had temporarily grown beastly horns.
You visited 1 branch of the dungeon, and saw 2 of its levels.

You collected 80 gold pieces.

Inventory:

Hand Weapons
 d - a +2 dagger of holy wrath (weapon)
Armour
 a - a +0 robe
 m - a +1 robe of cold resistance (worn)
Scrolls
 b - 2 scrolls of enchant armour {unknown}
 e - a scroll of fog {unknown}
 f - a scroll of teleportation {unknown}
 h - a scroll of torment {unknown}
 i - a scroll of immolation {unknown}
 k - 2 scrolls of acquirement {unknown}
Potions
 c - a potion of curing {unknown}
 g - a potion of brilliance {unknown}
 j - a potion of degeneration {unknown}
 l - a potion of mutation {unknown}


   Skills:
 + Level 1.4 Fighting
 + Level 2.5 Dodging
 - Level 3.0 Unarmed Combat
 - Level 5.4 Spellcasting


You couldn't memorise any spells.
You knew the following spells:

 Your Spells              Type           Power      Damage    Failure   Level
a - Beastly Appendage     Tmut           46%        N/A       1%          1
b - Wereblood             Tmut           23%        N/A       2%          2
c - Spider Form           Tmut/Pois      11%        N/A       4%          3
d - Ice Form              Ice/Tmut       23%        N/A       14%         4
e - Hydra Form            Tmut           11%        N/A       38%         5
f - Corona                Hex            25%        N/A       1%          1
g - Passwall              Tmut/Erth      19%        N/A       2%          2
Your spell library was empty.

Dungeon Overview and Level Annotations

Branches:
Dungeon (2/15)

Altars:

Annotations:
D:2 Crazy Yiuf


Innate Abilities, Weirdness & Mutations

You have temporarily grown beastly horns.
You are flying.
You are immune to poison.
Your flesh is very heat resistant. (rF++)
You are vulnerable to cold. (rC-)
You float through the air rather than walking.
You learn spells naturally, not from books.
Your magical power is your life essence.
You have superior vitality. (+4 HP)


Message History

Crazy Yiuf shouts!
Crazy Yiuf says, "Iron!
Mugger mumblescurry arga."
Casting: Beastly Appendage (safe; 1% risk of failure)
Confirm with . or Enter, or press ? or * to list all spells.
Your blood is infused with primal strength.
Casting: Wereblood (safe; 2% risk of failure)
Confirm with . or Enter, or press ? or * to list all spells.
You grow a pair of large bovine horns.
You reach down and open the door.
You barely miss Crazy Yiuf. You headbutt Crazy Yiuf.
Crazy Yiuf is lightly wounded.
Crazy Yiuf hits you with a +4 quarterstaff of chaos!!
Crazy Yiuf freezes you.
You hit Crazy Yiuf.
Crazy Yiuf is moderately wounded.
Crazy Yiuf misses you.
You barely miss Crazy Yiuf.
Crazy Yiuf is moderately wounded.
Crazy Yiuf hits you with a +4 quarterstaff of chaos!
* * * LOW HITPOINT WARNING * * *
You barely miss Crazy Yiuf.
You headbutt Crazy Yiuf, but do no damage.
Crazy Yiuf is moderately wounded.
Crazy Yiuf closely misses you.
You barely miss Crazy Yiuf. You punch Crazy Yiuf, but do no damage.
Crazy Yiuf is moderately wounded.
Crazy Yiuf yells, "Cod!"
Crazy Yiuf hits you with a +4 quarterstaff of chaos.
* * * LOW HITPOINT WARNING * * *
You barely miss Crazy Yiuf. Your punch misses Crazy Yiuf.
Crazy Yiuf is moderately wounded.
Crazy Yiuf closely misses you.
You hit Crazy Yiuf.
Crazy Yiuf is moderately wounded.
Crazy Yiuf whimpers, "Snower arga toodlewoodle!"
Crazy Yiuf hits you with a +4 quarterstaff of chaos.
* * * LOW HITPOINT WARNING * * *
Space warps horribly around you!!
Ouch! That really hurt!
You die...

#........#
#####....# #....#
##### ##.### #..)#
#.# #...#
#.######### ...
#.#.......# #g#
##.#.......# ♣♣@♣
#..........# ♣.♣♣
##.........# ♣♣.♣
#..........# ♣.♣♣
###........# ♣♣.♣♣
#........# ♣.PP♣♣
#......... ###
♣.PPP♣ ####........
#.# #....#
#......).... #.#
#....##########..#.#


You could see Crazy Yiuf.

Vanquished Creatures
  Sigmund (D:2)
  A hound (D:2)
  An orc wizard (D:2)
  5 adders (D:2)
  2 worms (D:2)
  2 dart slugs (D:1)
  2 orcs (D:2)
  4 endoplasms
  2 giant cockroaches
  4 goblins
  A hobgoblin (D:2)
  3 jackals (D:1)
  4 quokkas
  A ball python (D:1)
  9 bats
  3 frilled lizards
  6 kobolds
  6 rats
57 creatures vanquished.

Notes
Turn   | Place    | Note
-------+----------+-------------------------------------------
     0 | D:1      | muata the Djinni Transmuter began the quest for the Orb.
     0 | D:1      | Reached XP level 1. HP: 17/17 MP: 0/0
   149 | D:1      | Reached skill level 2 in Spellcasting
   428 | D:1      | Reached XP level 2. HP: 18/22 MP: 0/0
  1284 | D:1      | Reached XP level 3. HP: 25/27 MP: 0/0
  1284 | D:1      | Learned a level 1 spell: Corona
  1420 | D:1      | Reached skill level 3 in Spellcasting
  1895 | D:2      | Reached XP level 4. HP: 30/32 MP: 0/0
  2360 | D:2      | Found a faded altar of an unknown god.
  2501 | D:2      | Reached skill level 4 in Spellcasting
  2913 | D:2      | Noticed Sigmund
  2924 | D:2      | Killed Sigmund
  2925 | D:2      | Reached skill level 5 in Spellcasting
  2925 | D:2      | Reached XP level 5. HP: 4/37 MP: 0/0
  2925 | D:2      | Learned a level 2 spell: Passwall
  2925 | D:2      | Reached XP level 6. HP: 5/42 MP: 0/0
  4201 | D:2      | Found a runed translucent door.
  4202 | D:2      | Noticed Crazy Yiuf
  4214 | D:2      | Annihilated by Crazy Yiuf

Illustrated notes

Levels and vault maps discovered:
D:1:      dpeg_arrival_erosion, layout_loops_corners
D:2:      layout_basic, serial_glass, glass_columns_b, glass_columns_a,
          item_on_display_a, item_on_display_a, due_unseen_surprise,
          item_on_display_a, ebering_ecumenical_altar_box,
          kennysheep_big_empty_room, uniq_sigmund, uniq_crazy_yiuf_cottage

Skill      XL: |  1  2  3  4 |
---------------+-------------+-----
Spellcasting   | 2 3 5 |  5.4
Fighting       | |  1.4
Dodging        | |  2.5
Unarmed Combat | |  3.0

Action                   |  1- 3 |  4- 6 || total
-------------------------+-------+-------++-------
Melee: Unarmed           |    13 |    24 ||    37
       Dagger            |    89 |   131 ||   220
       Headbutt          |     7 |     9 ||    16
       Punch             |     2 |     2 ||     4
 Cast: Beastly Appendage |     8 |    10 ||    18
       Spider Form       |       |     4 ||     4
       Wereblood         |       |     3 ||     3
 Stab: Sleeping          |     1 |     1 ||     2
Armor: Robe              |    34 |    31 ||    65
       Skin              |       |     2 ||     2
Dodge: Dodged            |    87 |   113 ||   200

Table legend: (Time is in decaauts)
 A = Elapsed time spent in this place.
 B = Non-inter-level travel time spent in this place.
 C = Inter-level travel time spent in this place.
 D = Time resting spent in this place.
 E = Time spent auto-exploring this place.
 F = Levels seen in this place.
 G = Mean time per level.
                   A        B        C        D        E       F      G
               +--------+--------+--------+--------+--------+-----+--------+
         Total |   4211 |   4172 |     39 |   1452 |   1913 |   2 | 2105.5 |
       Dungeon |   4211 |   4172 |     39 |   1452 |   1913 |   2 | 2105.5 |
               +--------+--------+--------+--------+--------+-----+--------+

Top non-repeatable levels by time:
     D:2: 2325 daAuts
     D:1: 1885 daAuts
